 Dungeon Crawl Stone Soup version 0.27-a0-1324-ge0d8e047f6 (webtiles) character file.

Game seed: 15077634551511192060

1323 Froggeryz the Cleaver (level 8, -1/59 HPs)
             Began as a Barachi Berserker on June 23, 2021.
             Was an Elder of Trog.
             Slain by a centaur (4 damage)
             ... on level 6 of the Dungeon.
             The game lasted 00:05:59 (5590 turns).

Froggeryz the Cleaver (Barachi Berserker)           Turns: 5590, Time: 00:06:00

Health: -1/59      AC: 10    Str: 20    XL:     8   Next: 59%
Magic:  0/8        EV: 11    Int:  7    God:    Trog [****..]
Gold:   306        SH:  0    Dex: 13    Spells: 7/7 levels left

rFire    . . .     SeeInvis .   a - +0 hand axe
rCold    . . .     Faith    .   (no shield)
rNeg     . . .     Spirit   +   r - +0 ring mail
rPois    .         Reflect  .   (no helmet)
rElec    .         Harm     .   (no cloak)
rCorr    .         Rampage  .   s - +0 pair of gloves
Will     .....                  (no boots)
Stlth    +.........             u - amulet of guardian spirit
HPRegen  0.19/turn              c - +4 ring of protection
MPRegen  0.11/turn              (no ring)

@: on berserk cooldown, attractive, slow
A: amphibious, slowness 1, strong legs 1, +LOS
a: Hop, Renounce Religion, Berserk, Trog's Hand, Brothers in Arms


You were on level 6 of the Dungeon.
You worshipped Trog.
Trog was greatly pleased with you.
You visited 1 branch of the dungeon, and saw 6 of its levels.

You collected 306 gold pieces.

Inventory:

Hand Weapons
 a - a +0 hand axe (weapon)
Missiles
 w - 30 poisoned darts (quivered)
Armour
 r - a +0 ring mail (worn)
 s - a +0 pair of gloves (worn)
Jewellery
 c - a +4 ring of protection (left hand)
 u - an amulet of guardian spirit (around neck)
Wands
 p - a wand of digging (5)
Scrolls
 e - 2 scrolls of teleportation
 f - 2 scrolls of immolation {unknown}
 h - a scroll of torment {unknown}
 i - a scroll of fog {unknown}
 j - a scroll of amnesia {unknown}
 k - a scroll of vulnerability {unknown}
 l - a scroll of summoning {unknown}
 m - a scroll of holy word {unknown}
 o - 3 scrolls of identify {unknown}
 q - a scroll of blinking {unknown}
 v - a scroll of acquirement {unknown}
Potions
 d - 2 potions of flight
 n - a potion of resistance {unknown}
 t - a potion of curing {unknown}


   Skills:
 - Level 3.6 Fighting
 * Level 11.2 Axes
 - Level 3.3 Armour
 - Level 2.1 Dodging


You had 7 spell levels left.
You didn't know any spells.
Your spell library was empty.

Dungeon Overview and Level Annotations

Branches:
Dungeon (6/15)             Temple (0/1) D:5

Altars:
Ru
Sif Muna
Trog
Yredelemnul

Annotations:
D:5 2 transporters


Innate Abilities, Weirdness & Mutations

You are amphibious.
You cover ground slowly.
You can hop short distances.
You have an extended range of vision and can be seen from far away.


Message History

The centaur is moderately wounded.
You hit the centaur but do no damage. The centaur barely misses you.
The centaur kicks you.
* * * LOW HITPOINT WARNING * * *
The centaur hits you but does no damage.
The centaur closely misses you.
The centaur hits you but does no damage.
The centaur kicks you but does no damage.
The centaur closely misses you. The centaur misses you.
It was a potion of flight.
You feel very buoyant.
You fly up into the air.
The centaur hits you.
* * * LOW HITPOINT WARNING * * *
The centaur kicks you but does no damage.
The centaur hits you but does no damage.
The centaur kicks you but does no damage.
The centaur hits you.
* * * LOW HITPOINT WARNING * * *
The centaur kicks you but does no damage.
The centaur misses you. The centaur kicks you.
* * * LOW HITPOINT WARNING * * *
It was a potion of attraction.
You feel attractive to monsters. The centaur hits you.
* * * LOW HITPOINT WARNING * * *
The centaur kicks you.
* * * LOW HITPOINT WARNING * * *
The centaur hits you but does no damage.
The centaur closely misses you. The centaur completely misses you.
The centaur barely misses you. x2
The centaur kicks you but does no damage.
It was a potion of cancellation.
Your magical effects are unravelling.
You feel magically purged.
You feel yourself speed up.
You float gracefully downwards.
The centaur hits you but does no damage.
The centaur kicks you but does no damage.
The centaur hits you.
You die...

#######
####.....#########
#................###
####....$..............
..........)...........
##.##.................
#...##......#.........
#.#.##.c#c...###.......[#
#....:..@...## ##...#####
#.#..##.#..## #.#..###
(.##..# #.#....##
#.##..## ##......# ...
..##### ##.>...... ..#
#####...##......... ###
###.....#..........
##........(.........
#...................


You could see 2 centaurs.

Vanquished Creatures
  Sigmund (D:3)
  An ogre (D:5)
  Blork the orc (D:6)
  3 bullfrogs
  4 scorpions
  A gnoll shaman (D:4)
  3 jellies
  A centaur skeleton (D:5)
  An orc priest (D:5)
  A hound (D:5)
  Jessica (D:3)
  Terence (D:3)
  2 orc wizards (D:3)
  3 hound skeletons
  A howler monkey zombie (D:5)
  2 adders (D:4)
  10 gnolls
  A white imp (D:6)
  An ufetubus (D:5)
  A worm (D:3)
  3 dart slugs
  14 orcs
  7 ball pythons
  17 endoplasms
  A giant cockroach (D:1)
  10 goblins
  8 hobgoblins
  5 jackals
  3 quokkas
  10 bats
  11 kobolds
  6 rats
135 creatures vanquished.

Vanquished Creatures (others)
  4 fungi (D:3)
  7 toadstools (D:3)
11 creatures vanquished.

Grand Total: 146 creatures vanquished

Notes
Turn   | Place    | Note
-------+----------+-------------------------------------------
     0 | D:1      | Froggeryz the Barachi Berserker began the quest for the
                  | Orb.
     0 | D:1      | Reached XP level 1. HP: 18/18 MP: 1/1
   189 | D:1      | Found a faded altar of an unknown god.
   202 | D:1      | Reached XP level 2. HP: 24/24 MP: 2/2
   252 | D:1      | Reached skill level 4 in Axes
   359 | D:1      | Reached XP level 3. HP: 29/29 MP: 3/3
   448 | D:1      | Reached ** piety under Trog
  1632 | D:3      | Reached XP level 4. HP: 36/36 MP: 4/4
  1635 | D:3      | Reached skill level 5 in Axes
  2065 | D:3      | Reached skill level 6 in Axes
  2065 | D:3      | Reached XP level 5. HP: 41/41 MP: 5/5
  2209 | D:3      | Reached XP level 6. HP: 34/47 MP: 6/6
  2217 | D:3      | Reached skill level 7 in Axes
  2221 | D:3      | Noticed Jessica
  2223 | D:3      | Noticed Terence
  2225 | D:3      | Reached *** piety under Trog
  2236 | D:3      | Killed Jessica
  2238 | D:3      | Killed Terence
  2822 | D:3      | Noticed Sigmund
  2835 | D:3      | Killed Sigmund
  2836 | D:3      | Reached skill level 8 in Axes
  2836 | D:3      | Reached XP level 7. HP: 52/52 MP: 7/7
  3155 | D:4      | Found a basalt altar of Yredelemnul.
  3429 | D:4      | Reached skill level 9 in Axes
  3691 | D:4      | Found a sacrificial altar of Ru.
  3928 | D:4      | Found a shimmering blue altar of Sif Muna.
  4070 | D:5      | Entered Level 5 of the Dungeon
  4122 | D:5      | Found a transporter.
  4185 | D:5      | Reached XP level 8. HP: 24/59 MP: 8/8
  4435 | D:5      | Reached skill level 10 in Axes
  4471 | D:5      | Found a transporter.
  4492 | D:5      | Found a staircase to the Ecumenical Temple.
  5080 | D:5      | Reached **** piety under Trog
  5160 | D:5      | Found a bloodstained altar of Trog.
  5422 | D:6      | Reached skill level 11 in Axes
  5570 | D:6      | Noticed Blork the orc
  5580 | D:6      | Killed Blork the orc
  5590 | D:6      | Slain by a centaur

Illustrated notes

Levels and vault maps discovered:
D:1:      scummos_arrival_hexagon, layout_basic, ebering_ecumenical_altar_rust,
          minmay_nonomino_d4
D:2:      layout_basic
D:3:      cheibrodos_fertilizer, layout_basic,
          hangedman_abyss_or_decor_lesser_grid, kennysheep_generic_room_6,
          uniq_sigmund, uniq_jessica, uniq_terence
D:4:      layout_loops_cross, kennysheep_mini_moat, old_standard_altar,
          nicolae_ru_the_path_less_chosen
D:5:      gammafunk_steamed_eel, layout_rooms, lightli_temple_of_fire,
          minmay_temple_entry_statues
D:6:      layout_cave_pods, nicolae_dithmenos_the_darkroom, kennysheep_mini,
          minmay_manual_mares, uniq_blork_the_orc

Skill      XL: |  1  2  3  4  5  6  7  8 |
---------------+-------------------------+-----
Axes           | 4 6 8 9 11 | 11.2
Armour         | 3 |  3.3
Fighting       | |  3.6
Dodging        | |  2.1

Action                   |  1- 3 |  4- 6 |  7- 9 || total
-------------------------+-------+-------+-------++-------
Melee: Hand axe          |   133 |   108 |   221 ||   462
Invok: Berserk           |     1 |     3 |     6 ||    10
       Trog's Hand       |       |     1 |       ||     1
  Use: Scroll            |       |     1 |     1 ||     2
       Potion            |       |       |     3 ||     3
 Stab: Sleeping          |     1 |     1 |       ||     2
Armor: Animal skin       |    58 |    38 |       ||    96
       Ring mail         |       |     2 |    91 ||    93
Dodge: Dodged            |   113 |    67 |   111 ||   291

Table legend: (Time is in decaauts)
 A = Elapsed time spent in this place.
 B = Non-inter-level travel time spent in this place.
 C = Inter-level travel time spent in this place.
 D = Time resting spent in this place.
 E = Time spent auto-exploring this place.
 F = Levels seen in this place.
 G = Mean time per level.
                   A        B        C        D        E       F      G
               +--------+--------+--------+--------+--------+-----+--------+
         Total |   6269 |   5922 |    347 |    874 |   4131 |   6 | 1044.8 |
       Dungeon |   6269 |   5922 |    347 |    874 |   4131 |   6 | 1044.8 |
               +--------+--------+--------+--------+--------+-----+--------+

Top non-repeatable levels by time:
     D:3: 1732 daAuts
     D:4: 1346 daAuts
     D:5: 1036 daAuts
     D:1: 963 daAuts
     D:2: 796 daAuts
     D:6: 394 daAuts
